 Dungeon Sprint DCSS version bcrawl-1.21.3-2-g9d8a61a446 (webtiles) character file.

Game seed: 11538617269025517198

36687 funkygono the Hoplite (level 13, -5/127 HPs)
             Began as a Hill Orc Fighter on Apr 13, 2020.
             Was the Champion of the Shining One.
             Slain by a jiangshi (12 damage)
             ... summoned by a mummy priest
             ... in the Dungeon (Sprint V: "Ziggurat Sprint").
             The game lasted 00:17:16 (2353 turns).

funkygono the Hoplite (Hill Orc Fighter)            Turns: 2353, Time: 00:17:17

Health: -5/127     AC: 36    Str: 40    XL:     13   Next: 91%
Magic:  23/36      EV:  5    Int: 11    God:    the Shining One [******]
Gold:   0          SH: 53    Dex:  8    Spells: 11/12 levels left

rFire    . . .     SeeInvis .   Q - +7 Singing Sword {slice}
rCold    + . .     Gourm    .   G - +18 shield of the Gong {rElec rN+ MR+ EV-5}
rNeg     + + +     Faith    .   F - +15 Maxwell's patent armour {-Cast -Tele rElec MR+ rCorr}
rPois    .         Spirit   .   O - +0 hat "Bezugulul" {MR+ Regen+ Dex-3} (curse)
rElec    +         Reflect  .   (no cloak)
rCorr    +         Harm     .   I - +0 pair of gloves of the End {*Contam +Fly rC+ Int+3} (curse)
MR       +++..     NoTele   +   l - +2 pair of boots of Too Many Cooks {+Inv Str+5} Stlth ..........NoCast +
                                C - amulet "Arim" {Acrobat +Fly MP+9 Slay+2}
HPRegen  0.71/turn              x - +6 ring of strength
MPRegen  0.25/turn              y - +6 ring of strength

@: divine shield, singing, very slightly contaminated, slowed, glowing, studying
3 skills, invisible (but backlit and visible) (expiring), very slow
A: no striking features
a: Divine Shield, Cleansing Flame, Summon Divine Warrior, Brand Weapon With Holy
Wrath, Renounce Religion, Evoke Flight


You were in the Dungeon.
You worshipped the Shining One.
The Shining One was exalted by your worship.
You were very hungry.

You visited 1 branch

Inventory:

Hand Weapons
 s - the +8 arc blade {discharge, rElec}
   (You took it off a draconian in the Dungeon)

   It insulates you from electricity.
 H - the +5 broad axe "Exkamorop" {holy, *Drain rPois rF+}
   (You found it in the Dungeon)

   It has been blessed by the Shining One to cause great damage to the undead
   and demons.
   It protects you from fire.
   It protects you from poison.
   It causes draining when unequipped.
 Q - the +7 Singing Sword (weapon) {slice}
   (You found it in the Dungeon)

   It inflicts extra damage upon your enemies.
Armour
 l - the +2 pair of boots of Too Many Cooks (worn) {+Inv Str+5}
   (You acquired it in the Dungeon)

   It affects your strength (+5).
   It lets you turn invisible.
 D - the +6 plate armour of Vlad {rElec Regen+ Str+5 Dex-5}
   (You found it in the Dungeon)

   It affects your strength (+5).
   It affects your dexterity (-5).
   It insulates you from electricity.
   It increases your rate of regeneration.
 F - the +15 Maxwell's patent armour (worn) {-Cast -Tele rElec MR+ rCorr}
   (You found it in the Dungeon)

   It insulates you from electricity.
   It affects your resistance to hostile enchantments.
   It prevents spellcasting.
   It prevents most forms of teleportation.
   It provides partial protection from all sources of acid and corrosion.
 G - the +18 shield of the Gong (worn) {rElec rN+ MR+ EV-5}
   (You found it in the Dungeon)

   It affects your evasion (-5).
   It insulates you from electricity.
   It protects you from negative energy.
   It affects your resistance to hostile enchantments.
 I - the cursed +0 pair of gloves of the End (worn) {*Contam +Fly rC+ Int+3}
   (You found it in the Dungeon)

   It affects your intelligence (+3).
   It protects you from cold.
   It lets you fly.
   It causes magical contamination when unequipped.
   It has a curse placed upon it.
 O - the cursed +0 hat "Bezugulul" (worn) {MR+ Regen+ Dex-3}
   (You found it in the Dungeon)

   It affects your dexterity (-3).
   It affects your resistance to hostile enchantments.
   It increases your rate of regeneration.
   It has a curse placed upon it.
Jewellery
 b - a +4 ring of evasion
 t - an uncursed ring of protection from fire
 u - a +6 ring of dexterity
 v - an uncursed ring of ice
 w - a +6 ring of intelligence
 x - a +6 ring of strength (left hand)
 y - a +6 ring of strength (right hand)
 B - an uncursed ring of protection from cold
 C - the amulet "Arim" (around neck) {Acrobat +Fly MP+9 Slay+2}
   (You found it in the Dungeon)

   [amulet of the acrobat]

   It helps you evade while moving and waiting.
   It affects your accuracy and damage with ranged weapons and melee attacks
   (+2).
   It affects your magic capacity (+9).
   It lets you fly.
 E - an uncursed ring of protection from magic
 K - the ring of Sunifaur {Ice Int+3}
   (You found it in the Dungeon)

   [ring of ice]

   It enhances your ice magic.
   It affects your intelligence (+3).
   It makes you vulnerable to fire.
   It protects you from cold.
Scrolls
 k - 4 scrolls of blinking
 n - 4 scrolls of amnesia
 o - 7 scrolls of fog
 p - 5 scrolls of identify
 q - 5 scrolls of remove curse
 r - 2 scrolls of fear
 L - 2 scrolls of brand weapon
Potions
 a - 2 potions of brilliance
 c - 4 potions of resistance
 d - 6 potions of might
 f - 8 potions of curing
 g - 3 potions of heal wounds
 h - 10 potions of haste
 i - 7 potions of magic
 j - 3 potions of berserk rage
 m - 8 potions of agility
Books
 z - a manual of Bows
 A - a manual of Transmutations
 N - a manual of Armour
Miscellaneous
 J - a lamp of fire
Comestibles
 e - 5 rations {!d}
 M - 5 chunks of flesh


   Skills:
 + Level 15.6 Fighting
   Level 15.6 Short Blades
   Level 15.6 Long Blades
   Level 15.6 Axes
   Level 15.6 Maces & Flails
   Level 15.6 Polearms
   Level 15.6 Staves
 + Level 13.9 Armour
 + Level 2.2 Dodging
 + Level 1.0 Stealth
 + Level 24.0 Shields
   Level 15.6 Unarmed Combat
 + Level 20.7 Invocations


You had 11 spell levels left.
You knew the following spells:

 Your Spells              Type           Power        Failure   Level  Hunger
a - Flame Tongue          Conj/Fire      #....        80%         1    ##.....

Your spell library contained the following spells:

 Spells                   Type           Power        Failure   Level  Hunger
 Freeze                   Ice            #.....       80%         1    ##.....
 Magic Dart               Conj           #...         80%         1    ##.....
 Shock                    Conj/Air       #....        80%         1    ##.....
 Blink                    Tloc           N/A          90%         2    ###....
 Call Imp                 Summ           #.....       90%         2    ###....
 Flaming Arrows           Chrm/Fire      #.......     90%         2    ###....
 Swiftness                Chrm/Air       #.......     90%         2    ###....
 Conjure Flame            Conj/Fire      #.......     99%         3    ####...
 Inner Flame              Hex/Fire       N/A          99%         3    ####...
 Mephitic Cloud           Conj/Pois/Air  #.......     99%         3    ####...
 Recall                   Summ/Tloc      N/A          99%         3    ####...
 Spider Form              Tmut/Pois      #..          99%         3    ####...
 Static Discharge         Air            #.......     99%         3    ####...
 Airstrike                Air            #.........   100%        4    #####..
 Animate Dead             Necr           N/A          100%        4    #####..
 Sticky Flame             Conj/Fire      #.......     100%        4    #####..
 Aura of Abjuration       Summ           #.........   100%        5    ######.
 Lightning Bolt           Conj/Air       #.........   100%        5    ######.
 Summon Demon             Summ           #.........   100%        5    ######.
 Summon Forest            Summ/Tloc      #.........   100%        5    ######.
 Summon Mana Viper        Hex/Summ       #.......     100%        5    ######.
 Bolt of Cold             Conj/Ice       #.........   100%        6    #######
 Deflect Missiles         Chrm/Air       #.........   100%        6    #######
 Shadow Creatures         Summ           N/A          100%        6    #######
 Icicle Burst             Conj/Ice       #.........   100%        7    #######
 Ignition                 Fire           #.........   100%        8    #######
 Fire Storm               Conj/Fire      #.........   100%        9    #######


Dungeon Overview and Level Annotations

Branches:
Dungeon (1/1)

Altars:
Ashenzari
Cheibriados
Dithmenos
Elyvilon
Fedhas
Gozag
Hepliaklqana
Kikubaaqudgha
Lugonu
Makhleb
Nemelex Xobeh
Okawaru
Qazlal
Ru
Sif Muna
Trog
Uskayaw
Vehumet
Wu Jian
Xom
Yredelemnul
Zin
The Shining One
Beogh
Jiyva


Message History

You feel better.
You feel your power returning.
You feel extremely nervous for a moment...
Pain shoots through your body!
* * * LOW HITPOINT WARNING * * *
Your Shields skill increases to level 24!
You block the flying skull's attack.
BONNNG!
You block the jiangshi's attack.
PANG!
You block the jiangshi's attack.
GONNNNG!
You block the soul eater's attack.
GONNNNG!
The jiangshi claws you but does no damage.
You block the jiangshi's attack.
GONNNNG!
The flying skull hits you but does no damage.
The jiangshi claws you but does no damage.
The jiangshi claws you!
You die...

▓...)|=.|==. ▓....[
▓............ ▓...[.
▓.............▓.....
▓.............▓.....
▓.............▓.....
▓....)........▓..▓..
▓..§Z†........▓.▓▓▓)
▓.V▓z......▓..▓..▓†)
▓.V@nM........▓...).
▓.[○3.........▓▓▓▓▓▓
▓......©......▓....8
▓▓▓▓▓▓▓▓▓▓▓▓▓▓▓..).[
▓...}) ▓..... ▓.....
▓..... ▓.....


You could see a mummy priest, 2 jiangshi, a soul eater, a necrophage, a flying
skull and a bat skeleton.

Vanquished Creatures
  2 greater mummies (D)
  A shard shrike (D)
  A nagaraja (D)
  An emperor scorpion (D)
  A red draconian (D)
  2 blizzard demons (D)
  A mummy priest (D)
  A naga warrior (D)
  2 death scarabs (D)
  A soul eater (D)
  2 sun demons (D)
  A cyclops (shapeshifter) (D)
  3 ugly things (D)
  An orb spider (D)
  2 shining eyes (D)
  5 wolf spiders (D)
  5 draconians (D)
  A guardian serpent (D)
  An orange demon (D)
  An eye of devastation (D)
  2 ice devils (D)
  2 freezing wraiths (D)
  2 demonic crawlers (D)
  3 guardian mummies (D)
  7 jumping spiders (D)
  2 hornets (D)
  A slime creature (D)
  4 redbacks (D)
  A wraith (D)
  4 tarantellas (D)
  2 golden eyes (D)
  2 neqoxecs (D)
  A naga (D)
  A soldier ant (shapeshifter) (D)
  A hell hound (D)
  A water moccasin (D)
  3 necrophages (D)
  A scorpion (D)
  A quasit (D)
  4 orc priests (D)
  A jelly (D)
  6 mummies (D)
  3 adders (D)
  A shadow imp (D)
  3 white imps (D)
  An ufetubus (D)
  An ooze (D)
  An adder zombie (D)
  2 bat skeletons (D)
  A ball python (D)
  A jackal zombie (D)
  2 leopard gecko zombies (D)
  A quokka skeleton (D)
104 creatures vanquished.

Vanquished Creatures (collateral kills)
  A death ooze (D)
  A death scarab (D)
  A wolf spider (D)
  A shining eye (D)
  An ugly thing (D)
  A black mamba (shapeshifter) (D)
  A black mamba (D)
  2 cane toads (shapeshifter) (D)
  A guardian mummy (D)
  A polar bear (shapeshifter) (D)
  2 slime creatures (D)
  2 flying skulls (D)
  A yak (shapeshifter) (D)
  A neqoxec (D)
  A naga (D)
  A water moccasin (D)
  2 ball pythons (D)
  A bat skeleton (D)
  A quokka skeleton (D)
23 creatures vanquished.

Vanquished Creatures (others)
  A spatial maelstrom (D)
  An ooze (D)
2 creatures vanquished.

Grand Total: 129 creatures vanquished

Notes
Turn   | Place    | Note
-------+----------+-------------------------------------------
     0 | D        | funkygono the Hill Orc Fighter began the quest for the Orb.
     0 | D        | Reached XP level 1. HP: 20/20 MP: 1/1
     1 | D        | Banished a spatial maelstrom
    15 | D        | Found a bloodstained altar of Trog.
    15 | D        | Found a shimmering blue altar of Sif Muna.
    15 | D        | Found a sacrificial altar of Ru.
    15 | D        | Found a stormy altar of Qazlal.
    16 | D        | Found an iron altar of Okawaru.
    18 | D        | Found a sparkling altar of Nemelex Xobeh.
    18 | D        | Found a blossoming altar of Fedhas.
    19 | D        | Found the +6 Majin-Bo {vamp, *Drain Str+12 Int+24}
    19 | D        | Found the +7 great mace "Firestarter" {inner flame, rF++}
    20 | D        | Found a transporter.
    20 | D        | Found an ancient bone altar of Kikubaaqudgha.
    20 | D        | Found a viscous altar of Jiyva.
    20 | D        | Found a corrupted altar of Lugonu.
    20 | D        | Found a hazy altar of Hepliaklqana.
    20 | D        | Found a burning altar of Makhleb.
    20 | D        | Found an opulent altar of Gozag.
    42 | D        | Found the +9 heavy crossbow "Sniper" {velocity, Acc+∞ SInv}
    42 | D        | Found the +10 dark maul {crush}
    42 | D        | Found the +15 Maxwell's patent armour {-Cast -Tele rElec
                  | MR+ rCorr}
    42 | D        | Found the +18 shield of the Gong {rElec rN+ MR+ EV-5}
    42 | D        | Found the cursed +14 obsidian axe {chop, +Fly SInv *Curse}
    44 | D        | Found the +6 shillelagh "Devastator" {shatter}
    44 | D        | Found the +11 plutonium sword {*Contam Stlth-}
    44 | D        | Found the +8 lance "Wyrmbane" {slay drac, rPois rF+ rC+
                  | AC+3}
    44 | D        | Found the +9 sword of Zonguldrok {reap}
    44 | D        | Found the cursed +13 scythe of Curses {drain, *Curse}
    44 | D        | Found the +0 sword of Power
    44 | D        | Found the +7 mace of Variability {chain chaos}
    44 | D        | Found the +7 Singing Sword {slice}
    44 | D        | Found the +7 longbow "Piercer" {penet, EV-2}
   112 | D        | Became a worshipper of the Shining One
   116 | D        | Reached skill level 5 in Fighting
   116 | D        | Reached skill level 5 in Armour
   116 | D        | Reached skill level 5 in Shields
   116 | D        | Reached XP level 2. HP: 29/29 MP: 1/5
   168 | D        | Entered arena 2.
   168 | D        | Noticed a hell hound
   168 | D        | Reached * piety under the Shining One
   168 | D        | Found a transporter.
   176 | D        | Killed a hell hound
   176 | D        | Reached skill level 6 in Shields
   176 | D        | Reached XP level 3. HP: 39/39 MP: 6/6
   176 | D        | Reached XP level 4. HP: 47/47 MP: 7/7
   184 | D        | Got the +3 buckler of Gallantry {rElec Stlth+}
   187 | D        | Entered arena 3.
   187 | D        | Reached ** piety under the Shining One
   187 | D        | Found a transporter.
   190 | D        | Reached *** piety under the Shining One
   190 | D        | Reached XP level 5. HP: 52/52 MP: 8/8
   197 | D        | Got the Tome of Glacial Boosts
   201 | D        | Entered arena 4.
   201 | D        | Reached **** piety under the Shining One
   201 | D        | Reached ***** piety under the Shining One
   201 | D        | Found a transporter.
   207 | D        | Reached skill level 7 in Shields
   209 | D        | Reached XP level 6. HP: 28/62 MP: 6/9
   436 | D        | Entered arena 5.
   436 | D        | Noticed a necrophage
   436 | D        | Noticed a necrophage
   436 | D        | Reached ****** piety under the Shining One
   436 | D        | Noticed a necrophage
   436 | D        | Found a transporter.
   442 | D        | Killed a necrophage
   442 | D        | Reached skill level 8 in Shields
   444 | D        | Killed a necrophage
   444 | D        | Reached skill level 9 in Shields
   444 | D        | Reached XP level 7. HP: 71/71 MP: 10/10
   447 | D        | Reached skill level 10 in Fighting
   447 | D        | Reached skill level 5 in Invocations
   454 | D        | Entered arena 6.
   454 | D        | Noticed a jumping spider
   454 | D        | Noticed a jumping spider
   454 | D        | Noticed a jumping spider
   454 | D        | Noticed a tarantella
   454 | D        | Found a transporter.
   462 | D        | Killed a jumping spider
   462 | D        | Reached skill level 10 in Shields
   465 | D        | Killed a tarantella
   465 | D        | Reached XP level 8. HP: 62/82 MP: 6/12
   469 | D        | Killed a jumping spider
   469 | D        | Reached skill level 11 in Shields
   473 | D        | Killed a jumping spider
   473 | D        | Reached skill level 12 in Shields
   592 | D        | Entered arena 7.
   592 | D        | Noticed a draconian
   592 | D        | Noticed a draconian
   592 | D        | Noticed a draconian
   592 | D        | Noticed a red draconian
   592 | D        | Noticed a draconian
   592 | D        | Noticed a draconian
   600 | D        | Killed a draconian
   600 | D        | Reached XP level 9. HP: 89/90 MP: 4/14
   607 | D        | Killed a draconian
   607 | D        | Reached skill level 13 in Shields
   609 | D        | Killed a draconian
   617 | D        | Killed a draconian
   617 | D        | Reached skill level 14 in Shields
   622 | D        | Killed a red draconian
   622 | D        | Reached skill level 15 in Shields
   622 | D        | Reached skill level 10 in Invocations
   622 | D        | Reached XP level 10. HP: 31/99 MP: 4/17
   627 | D        | Killed a draconian
   634 | D        | Found a transporter.
   903 | D        | Entered arena 8.
   903 | D        | Noticed an orange demon
   903 | D        | Noticed a sun demon
   903 | D        | Noticed a soul eater
   903 | D        | Noticed a sun demon
   910 | D        | Killed a sun demon
   910 | D        | Reached skill level 16 in Shields
   923 | D        | Killed a soul eater
   925 | D        | Killed a sun demon
   925 | D        | Reached skill level 10 in Armour
   928 | D        | Killed an orange demon
   928 | D        | Reached skill level 17 in Shields
   929 | D        | Found a transporter.
   944 | D        | Entered arena 9.
   944 | D        | Noticed a cane toad
   944 | D        | Noticed a cane toad
   944 | D        | Noticed a white ugly thing
   944 | D        | Noticed a shining eye
   949 | D        | Killed a white ugly thing
   950 | D        | Noticed a moth of wrath
   950 | D        | a hippogriff changed into a moth of wrath
   952 | D        | Noticed a cyclops
   952 | D        | a moth of wrath changed into a cyclops
   953 | D        | Killed a cane toad
   953 | D        | Reached XP level 11. HP: 85/96 MP: 11/20
   957 | D        | Killed a shining eye
   960 | D        | Killed a cyclops
   964 | D        | Found a transporter.
  1037 | D        | Entered arena 10.
  1037 | D        | Noticed a death scarab
  1037 | D        | Noticed a greater mummy
  1038 | D        | Found a transporter.
  1040 | D        | Killed a death scarab
  1040 | D        | Reached skill level 18 in Shields
  1041 | D        | Noticed an emperor scorpion
  1041 | D        | Noticed an emperor scorpion
  1041 | D        | Noticed an emperor scorpion
  1059 | D        | Noticed an emperor scorpion
  1059 | D        | Noticed an emperor scorpion
  1059 | D        | Noticed an emperor scorpion
  1061 | D        | Noticed an emperor scorpion
  1065 | D        | Noticed a death scarab
  1067 | D        | Noticed an emperor scorpion
  1067 | D        | Noticed an emperor scorpion
  1071 | D        | Killed a greater mummy
  1071 | D        | Reached skill level 1 in Dodging
  1071 | D        | Reached skill level 19 in Shields
  1071 | D        | Reached skill level 15 in Invocations
  1071 | D        | Noticed a soul eater
  1342 | D        | Got the +6 plate armour of Vlad {rElec Regen+ Str+5 Dex-5}
  1346 | D        | Got the +5 broad axe "Exkamorop" {holy, *Drain rPois rF+}
  1386 | D        | Entered arena 11.
  1386 | D        | Noticed a brown ugly thing
  1386 | D        | Noticed a shining eye
  1386 | D        | Noticed a brown ugly thing
  1386 | D        | Noticed a white ugly thing
  1396 | D        | Killed a purple ugly thing
  1396 | D        | Reached XP level 12. HP: 107/116 MP: 15/23
  1399 | D        | Reached skill level 1 in Stealth
  1407 | D        | Reached skill level 20 in Shields
  1408 | D        | Found a transporter.
  1424 | D        | Entered arena 12.
  1446 | D        | Found a transporter.
  1480 | D        | Identified the +2 pair of boots of Too Many Cooks {+Inv
                  | Str+5} (You acquired it in the Dungeon)
  1480 | D        | Identified the amulet of the Pure Beggars {Gourm +Fly} (You
                  | acquired it in the Dungeon)
  1539 | D        | Entered arena 13.
  1539 | D        | Noticed a death ooze
  1552 | D        | Killed a death ooze
  1566 | D        | Found a transporter.
  1575 | D        | Got the amulet "Arim" {Acrobat +Fly MP+9 Slay+2}
  1582 | D        | Got the Handbook of Flamy Dark Rites
  1585 | D        | Got the ring of Sunifaur {Ice Int+3}
  1700 | D        | Entered arena 14.
  1701 | D        | Noticed a blizzard demon
  1701 | D        | Noticed a blizzard demon
  1705 | D        | Noticed a shard shrike
  1711 | D        | Killed a blizzard demon
  1711 | D        | Reached skill level 21 in Shields
  1720 | D        | Killed a blizzard demon
  1738 | D        | Killed a shard shrike
  1738 | D        | Reached skill level 15 in Fighting
  1738 | D        | Reached XP level 13. HP: 51/126 MP: 26/26
  1744 | D        | Found a transporter.
  1981 | D        | Entered arena 15.
  1982 | D        | Noticed an emperor scorpion
  1987 | D        | Reached skill level 22 in Shields
  2005 | D        | Killed an emperor scorpion
  2014 | D        | Found the +3 Elemental Staff {rElec rF++ rC++ MR++ AC+5}
  2018 | D        | Found a transporter.
  2026 | D        | Got the cursed +0 pair of gloves of the End {*Contam +Fly
                  | rC+ Int+3}
  2194 | D        | Entered arena 16.
  2196 | D        | Noticed a nagaraja
  2197 | D        | Found the +10 large shield of Ignorance {rN+ Int-4}
  2216 | D        | Killed a nagaraja
  2218 | D        | Reached skill level 23 in Shields
  2232 | D        | Found a transporter.
  2238 | D        | Got the Handbook of Ignition
  2241 | D        | Learned a level 1 spell: Flame Tongue
  2242 | D        | Got the cursed +0 ring mail of Cureibb {-Cast rPois rF-
                  | Str+10}
  2251 | D        | Got the cursed +0 hat "Bezugulul" {MR+ Regen+ Dex-3}
  2306 | D        | Entered arena 17.
  2310 | D        | Noticed a greater mummy
  2313 | D        | Noticed a mummy priest
  2315 | D        | Noticed a mummy priest
  2342 | D        | Noticed a jiangshi
  2347 | D        | Killed a greater mummy
  2349 | D        | Noticed a jiangshi
  2349 | D        | Noticed a jiangshi
  2353 | D        | Killed a mummy priest
  2353 | D        | HP: 6/127 [mummy priest's death curse (15)]
  2353 | D        | Reached skill level 24 in Shields
  2353 | D        | Slain by a jiangshi

Skill      XL: |  1  2  3  4  5  6  7  8  9 10 11 12 13 |
---------------+----------------------------------------+-----
Fighting       | 5 7 8 9 11 12 13 15 | 15.6
Armour         | 5 6 7 8 9 10 12 13 | 13.9
Shields        | 5 6 7 9 10 12 15 17 19 21 24 | 24.0
Invocations    | 4 5 7 10 12 15 18 20 | 20.7
Dodging        | 1 2 |  2.2
Stealth        | 1 |  1.0
Short Blades   | | 15.6
Long Blades    | | 15.6
Axes           | | 15.6
Maces & Flails | | 15.6
Polearms       | | 15.6
Staves         | | 15.6
Unarmed Combat | | 15.6

Action                   |  1- 3 |  4- 6 |  7- 9 | 10-12 | 13-15 || total
-------------------------+-------+-------+-------+-------+-------++-------
Melee: Double sword      |     8 |    14 |    35 |   146 |    63 ||   266
Invok: Divine Shield     |       |     1 |     3 |     5 |     3 ||    12
       Cleansing Flame   |       |       |     2 |     4 |     9 ||    15
       Summon Divine War |       |       |       |     4 |     3 ||     7
  Use: Potion            |     1 |       |     2 |     4 |     7 ||    14
       Scroll            |       |       |       |     1 |       ||     1
  Eat: Chunk             |       |       |       |     1 |     1 ||     2
       Ration            |       |       |       |     2 |       ||     2
Armor: Plate armour      |     1 |    11 |     6 |    50 |   106 ||   174
Dodge: Dodged            |       |       |     1 |    12 |    21 ||    34
Block: Medium shield     |    12 |    31 |    56 |   230 |   265 ||   594
